 Dungeon Crawl Stone Soup version 0.29.0-4-gdea44cf6ec (webtiles) character file.

Game seed: 9897659848802253716

2334 ProzacElf the Cleaver (level 9, -1/111 HPs)
             Began as a Hill Orc Cinder Acolyte on Aug 27, 2022.
             Was a High Priest of Ignis.
             Succumbed to a killer bee's poison
             ... on level 6 of the Dungeon.
             The game lasted 00:19:19 (8556 turns).

ProzacElf the Cleaver (Hill Orc Cinder Acolyte)     Turns: 8556, Time: 00:19:20

Health: -1/111     AC: 24    Str: 21    XL:     9   Next: 42%
Magic:  2/10       EV:  2    Int: 14    God:    Ignis [*****.]
Gold:   289        SH:  0    Dex:  6    Spells: 10/10 levels left

rFire   + . .      SeeInvis .   a - +0 broad axe
rCold   . . .      Faith    .   (no shield)
rNeg    . . .      Spirit   +   (body armour currently unavailable)
rPois   +          Reflect  .   (helmet currently unavailable)
rElec   .          Harm     .   (cloak currently unavailable)
rCorr   .          Rampage  .   (gloves currently unavailable)
Will    .....      NoTele   +   (boots currently unavailable)
Stlth   +.........              j - amulet of guardian spirit
HPRegen 0.28/turn               (no ring)
MPRegen 0.12/turn               (no ring)

@: lethally poisoned (-1 -> -12), tree-form
A: stationary, stasis, torment immunity, boosted hp, (camouflage 1), mutation
resistance 1, MP-powered wands
a: Renounce Religion, Fiery Armour, Foxfire Swarm, Rising Flame


You were on level 6 of the Dungeon.
You worshipped Ignis.
Ignis was extremely pleased with you.
You were a tree.
You visited 1 branch of the dungeon, and saw 7 of its levels.
You also visited: Sewer.

You collected 381 gold pieces.
You spent 92 gold pieces at shops.

Inventory:

Hand Weapons
 a - a +0 broad axe (weapon)
 b - the +6 sling "Neudeydea" {venom, Dex+2}
   (You found it on level 2 of the Dungeon)

   Any ammunition fired from it poisons the flesh of those it strikes.
   Dex:       It affects your dexterity (+2).
 k - a +0 dagger of venom
 n - a +0 vampiric short sword
 y - a -1 hand axe of flaming
 L - a +0 war axe
Missiles
 i - 5 boomerangs
 q - 13 poisoned darts (quivered)
 E - 4 datura-tipped darts
Armour
 f - a +0 chain mail of fire resistance
 m - a +0 robe
 v - a +0 pair of boots (melded)
 D - the +3 leather armour of Dishonour {Fly rPois Stlth+}
   (You found it on level 4 of the Dungeon)

   rPois:     It protects you from poison.
   Fly:       It grants you flight.
   Stlth:     It makes you more stealthy.
 H - the +7 chain mail of Entitlement (melded) {Dex+3}
   (You found it on level 6 of the Dungeon)

   Dex:       It affects your dexterity (+3).
 I - the +1 robe of the Eight Boll Weevils {rN+ Str+4 Dex+4 Stlth+}
   (You found it on level 6 of the Dungeon)

   Str:       It affects your strength (+4).
   Dex:       It affects your dexterity (+4).
   rN:        It protects you from negative energy.
   Stlth:     It makes you more stealthy.
 K - a +0 helmet (melded)
Jewellery
 j - an amulet of guardian spirit (around neck)
Wands
 h - a wand of paralysis (8)
 B - a wand of mindburst (6)
 C - a wand of iceblast (1)
Scrolls
 e - 2 scrolls of poison
 o - 6 scrolls of teleportation
 s - a scroll of silence
 u - a scroll of magic mapping {unknown}
 A - a scroll of enchant armour {unknown}
 F - a scroll of amnesia {unknown}
 G - a scroll of butterflies {unknown}
 J - a scroll of enchant weapon {unknown}
Potions
 c - 2 potions of brilliance
 d - 2 potions of resistance
 g - a potion of mutation
 l - 4 potions of magic
 p - a potion of lignification
 r - 3 potions of cancellation
 t - a potion of invisibility
 w - a potion of might
 z - a potion of haste


   Skills:
 - Level 5.0 Fighting
 - Level 10.0 Axes
 - Level 5.0 Throwing
 - Level 5.0 Armour
 - Level 1.0 Spellcasting
 - Level 3.2 Fire Magic
 + Level 6.2 Evocations


You had 10 spell levels left.
You didn't know any spells.
Your spell library contained the following spells:

 Spells                   Type           Power      Damage    Failure   Level
 Scorch                   Fire           18%        2d6       11%         2
 Ensorcelled Hibernation  Hex/Ice        0%         N/A       36%         2
 Passwall                 Tmut/Erth      0%         N/A       36%         2
 Sublimation of Blood     Necr           0%         N/A       36%         2
 Wereblood                Tmut           0%         N/A       36%         2
 Swiftness                Air            0%         N/A       61%         3
 Summon Hydra             Summ           0%         N/A       100%        7


Dungeon Overview and Level Annotations

Branches:
Dungeon (7/15)              Sewer (visited)
 Temple: D:4-7

Altars:
Dithmenos
Fedhas
Gozag
Kikubaaqudgha
Ru
Trog
Zin

Shops:
D:1 [   D:2 ?   D:5 *

Annotations:
D:3 1 exclusion
D:4 1 runed translucent door, slphil's ghost, amateur KoHu


Innate Abilities, Weirdness & Mutations

You are a tree.
Your roots penetrate the ground, keeping you stationary.
You cannot be teleported.
You are immune to unholy pain and torment.
Your maximum health is greatly increased.
Your equipment is partially melded.
((Your skin changes colour to match your surroundings (Stealth+).))
You are somewhat resistant to further mutation.
You expend magic power (3 MP) to strengthen your wands.


Message History

Ye take 3 damage, an' haf 22/74 hp.
Ye barely miss tha killer bee.
Tha killer bee be almost dead.
Ye closely miss tha killer bee.
Ye feel sick.
Tha killer bee stin's ye.
* * * LOW HITPOINT WARNIN'
* * * Ye be more poison'd.
Tha killer bee poisons ye!
Tha killer bee stin's ye.
* * * LOW HITPOINT WARNIN'
* * * Ye be more poison'd.
Tha killer bee poisons ye!
Tha killer bee stin's ye but does nay damage. x2
Tha killer bee barely misses ye.
Tha killer bee stin's ye but does nay damage.
Ye take 9 damage, an' haf 13/74 hp.
Ye now haf 4/10 mp.
Re'lly quaff tha potion o' lignification?
Ye turn inta a tree.
Yer +0 helmet melds inta yer body.
Yer +0 pair o' boots melds inta yer body.
Tha +7 chain mail o' Entitlemn't {Dex+3} melds inta yer body.
Yer roots penetrate tha ground.
* * * LOW HITPOINT WARNIN'
* * * Ye feel very sick.
Tha killer bee stin's ye.
* * * LOW HITPOINT WARNIN'
* * * Tha killer bee stin's ye but does nay damage.
Tha killer bee completely misses ye.
Tha killer bee stin's ye!
* * * LOW HITPOINT WARNIN'
* * * Ye now haf 6/111hp.
Ye miss tha killer bee.
Tha killer bee be severely wounded.
Ye miss tha killer bee.
* * * LOW HITPOINT WARNIN'
* * * Ye feel very sick.
Tha killer bee stin's ye but does nay damage.
Tha killer bee completely misses ye.
Tha killer bee stin's ye but does nay damage. x2
Ye take 4 damage, an' haf 2/111 hp.
Ye closely miss tha killer bee.
Tha killer bee be severely wounded.
Ye closely miss tha killer bee.
Ye die...

...............#..##....##...####
.......................##....####
.#.<)............##.......#..##..
#...............###.......##.###.
...........[###.###.......##.#...
##.........###..##...............
#............#......#.........###
...............y.######........##
.#..........#..#♣#.###.........##
.#..........##..y.............###
............##....#.#..#.####...#
...........####.######.### #..(.
..#.................##.## ###..
.###[.>..#........#.#...# ####.
.......###.......##....######.##.
........##.......###.#..##.......
...##...............##.##...<....


You could see 2 killer bees.

Vanquished Creatures
  A two-headed ogre (D:6)
  An acid dragon (D:6)
  A water moccasin (D:6)
  4 ogres
  2 phantoms
  2 necrophages
  3 scorpions
  2 killer bees
  2 jellies
  An orc priest (D:4)
  3 hounds
  3 iguanas
  3 orc wizards
  13 adders
  8 river rats
  A shadow imp (D:6)
  2 worms
  A dart slug (D:1)
  14 orcs
  9 ball pythons
  A bat zombie (D:4)
  9 endoplasms
  4 giant cockroaches
  6 goblins
  7 hobgoblins
  3 jackals (D:3)
  24 kobolds
  4 quokkas
  4 bats
  6 frilled lizards
  26 rats
  2 rat zombies (D:4)
172 creatures vanquished.

Vanquished Creatures (others)
  2 orc wizards (D:3)
2 creatures vanquished.

Grand Total: 174 creatures vanquished

Notes
Turn   | Place    | Note
-------+----------+-------------------------------------------
     0 | D:1      | ProzacElf the Hill Orc Cinder Acolyte began the quest for
                  | the Orb.
     0 | D:1      | Reached XP level 1. HP: 19/19 MP: 2/2
   187 | D:1      | Found Werisoha's Antique Armour Shop.
   227 | D:1      | Reached XP level 2. HP: 27/27 MP: 3/3
   628 | D:1      | Reached XP level 3. HP: 34/34 MP: 4/4
   703 | D:1      | Found a faded altar of an unknown god.
   989 | D:2      | Identified the +6 sling "Neudeydea" {venom, Dex+2}
  1081 | D:2      | Found Rubosmet's Magic Scroll Shop.
  1089 | D:2      | Bought a scroll of noise for 11 gold pieces
  1089 | D:2      | Bought a scroll of identify for 22 gold pieces
  1089 | D:2      | Bought a scroll of teleportation for 33 gold pieces
  1272 | D:2      | Reached skill level 5 in Axes
  1779 | D:3      | Reached skill level 5 in Fighting
  1779 | D:3      | Reached XP level 4. HP: 42/42 MP: 5/5
  2147 | D:3      | Found a bloodstained altar of Trog.
  2249 | D:3      | Reached skill level 1 in Armour
  2282 | D:3      | Reached skill level 6 in Axes
  2282 | D:3      | Reached XP level 5. HP: 38/48 MP: 4/6
  2302 | D:3      | Found a glowing drain.
  2306 | Sewer    | Entered a sewer
  2449 | Sewer    | Gained mutation: Your skin changes colour to match your
                  | surroundings (Stealth+). [potion of mutation]
  2449 | Sewer    | Gained mutation: You expend magic power (3 MP) to
                  | strengthen your wands. [potion of mutation]
  2449 | Sewer    | Gained mutation: You are somewhat resistant to further
                  | mutation. [potion of mutation]
  3109 | Sewer    | Reached XP level 6. HP: 51/56 MP: 7/7
  3787 | D:3      | Reached skill level 7 in Axes
  4405 | D:4      | Found a runed translucent door.
  5042 | D:4      | Reached XP level 7. HP: 61/61 MP: 8/8
  5077 | D:4      | Found a blossoming altar of Fedhas.
  5142 | D:4      | Found an ancient bone altar of Kikubaaqudgha.
  5298 | D:4      | Identified the +3 leather armour of Dishonour {Fly rPois
                  | Stlth+}
  5307 | D:4      | Found a shadowy altar of Dithmenos.
  5536 | D:4      | Noticed slphil's ghost (amateur KoHu)
  5552 | D:5      | Entered Level 5 of the Dungeon
  5628 | D:5      | Reached skill level 8 in Axes
  6152 | D:5      | Reached skill level 5 in Armour
  6174 | D:5      | Reached skill level 9 in Axes
  6296 | D:4      | Reached XP level 8. HP: 42/68 MP: 6/9
  6520 | D:4      | Reached skill level 10 in Axes
  6713 | D:5      | Found a glowing silver altar of Zin.
  6831 | D:5      | Found Haraipoc's General Store.
  6834 | D:5      | Bought a scroll of identify for 26 gold pieces
  6854 | D:5      | Reached skill level 1 in Throwing
  6854 | D:5      | Reached skill level 1 in Evocations
  6925 | D:5      | Found an opulent altar of Gozag.
  6965 | D:5      | Found a sacrificial altar of Ru.
  7201 | D:6      | Identified the +7 chain mail of Entitlement {Dex+3}
  7217 | D:6      | Identified the +1 robe of the Eight Boll Weevils {rN+ Str+4
                  | Dex+4 Stlth+}
  7325 | D:6      | Noticed a two-headed ogre
  7368 | D:6      | Killed a two-headed ogre
  7369 | D:6      | Reached skill level 5 in Evocations
  7369 | D:6      | Reached XP level 9. HP: 56/74 MP: 0/10
  7683 | D:6      | Reached skill level 5 in Throwing
  8555 | D:6      | HP: 2/111 [poisoned by a killer bee]
  8556 | D:6      | Succumbed to a killer bee's poison

Illustrated notes

Levels and vault maps discovered:
D:1:      eino_arrival_cavern_a, layout_rooms, serial_shops, shop,
          ebering_ecumenical_altar_webs, serial_bayou_pond_d,
          grunt_decor_mini_mirrors, minmay_pentomino_o4
D:2:      layout_basic, serial_shops,
          nicolae_shop_temple_entry_statues_fountains, hangedman_decor_growths,
          minivault_19
D:3:      layout_basic, bloody_trog, gup_sewer_entry_spiral,
          minmay_three_crescents
D:4:      layout_layer_cave, lemuel_zombie_altar_kikubaaqudgha,
          lemuel_doored_altar, mainiacjoe_overflow_six_doors_small,
          ebering_ghost_sewer_d
D:5:      layout_cave_pools, zin_treasury, lemuel_round_altar,
          nicolae_ru_path_of_blood, serial_shops, nicolae_shop_behind_doors
D:6:      layout_cave_pools
D:7:      layout_rooms, slow_altar_1, nicolae_uskayaw_suspiria,
          mainiacjoe_overflow_swirl, minmay_temple_entry_water_ring,
          kennysheep_small_circle, uniq_pikel

Skill      XL: |  1  2  3  4  5  6  7  8  9 |
---------------+----------------------------+-----
Fighting       | 4 5 |  5.0
Axes           | 5 6 7 9 10 | 10.0
Armour         | 1 2 4 5 |  5.0
Throwing       | 4 5 |  5.0
Evocations     | 5 6 |  6.2
Spellcasting   | |  1.0
Fire Magic     | |  3.2

Action                   |  1- 3 |  4- 6 |  7- 9 || total
-------------------------+-------+-------+-------++-------
Melee: Hand axe          |   101 |   304 |       ||   405
       Punch             |       |     6 |     1 ||     7
       War axe           |       |    49 |   154 ||   203
       Broad axe         |       |       |    64 ||    64
 Fire: Sling             |       |    10 |       ||    10
Throw: Dart              |       |       |     3 ||     3
Evoke: Wand              |       |       |     4 ||     4
  Use: Scroll            |       |     5 |     5 ||    10
       Potion            |       |     5 |     2 ||     7
 Stab: Paralysed         |       |       |     5 ||     5
Armor: Robe              |    11 |       |       ||    11
       Chain mail        |    29 |   215 |   187 ||   431
       Skin              |       |    13 |     4 ||    17
Dodge: Dodged            |    55 |   128 |   122 ||   305
